 Dungeon Crawl Stone Soup version 0.27.1-3-gb3d3a73c9e (webtiles) character file.

Game seed: 16731486476295947758

8399 ABBCCCDDDD the Cleaver (level 11, -7/145 HPs)
             Began as a Deep Dwarf Delver on Oct 22, 2021.
             Was an Elder of Makhleb.
             Mangled by an ogre (19 damage)
             ... on level 2 of the Orcish Mines.
             The game lasted 00:56:55 (10470 turns).

ABBCCCDDDD the Cleaver (Deep Dwarf Delver)         Turns: 10470, Time: 00:56:55

Health: -7/145     AC: 16    Str: 24    XL:     11   Next: 9%
Magic:  3/3        EV: 10    Int: 12    God:    Makhleb [****..]
Gold:   351        SH:  0    Dex: 14    Spells: 17/19 levels left

rFire    . . .     SeeInvis +   z - +0 war axe
rCold    . . .     Faith    +   (no shield)
rNeg     . . .     Spirit   .   q - +0 plate armour
rPois    .         Reflect  .   (no helmet)
rElec    .         Harm     .   e - +1 cloak
rCorr    .         Rampage  .   G - +0 pair of gloves
Will     +....                  (no boots)
Stlth    ..........             E - amulet of faith
HPRegen  0.00/turn              y - +6 ring of strength
MPRegen  0.08/turn              s - ring of see invisible

@: confused, berserking (expiring), very quick
A: damage resistance, heal wounds, sense surroundings 2, no regeneration
a: Heal Wounds, Renounce Religion, Minor Destruction, Lesser Servant of Makhleb,
Major Destruction


You were on level 2 of the Orcish Mines.
You worshipped Makhleb.
Makhleb was greatly pleased with you.
You visited 3 branches of the dungeon, and saw 15 of its levels.

You collected 806 gold pieces.
You spent 455 gold pieces at shops.

Inventory:

Hand Weapons
 a - a +0 hand axe
 d - a +0 trident
 z - a +0 war axe (weapon)
Missiles
 l - 8 boomerangs
 D - 23 poisoned darts (quivered)
Armour
 e - a +1 cloak (worn)
 q - a +0 plate armour (worn)
 A - a +0 kite shield
 G - a +0 pair of gloves (worn)
 H - a +0 leather armour
 L - +0 ice dragon scales
Jewellery
 b - a ring of flight
 c - a ring of poison resistance
 f - the ring "Yrhegrod" {rElec MP+9}
   (You acquired it on level 9 of the Dungeon)

   [ring of magical power]

   rElec:     It insulates you from electricity.
   MP:        It affects your magic capacity (+9).
 p - an amulet of the acrobat
 s - a ring of see invisible (right hand)
 u - an amulet of reflection
 y - a +6 ring of strength (left hand)
 E - an amulet of faith (around neck)
Wands
 g - a wand of digging (3)
Scrolls
 i - 2 scrolls of enchant weapon
 k - a scroll of immolation
 m - a scroll of enchant armour
 o - 2 scrolls of magic mapping
 t - 4 scrolls of amnesia
 v - a scroll of torment
Potions
 h - a potion of cancellation
 j - 2 potions of flight
 n - a potion of mutation
 r - a potion of attraction
 B - 2 potions of brilliance
 F - 3 potions of lignification {unknown}


   Skills:
 - Level 6.0 Fighting
 - Level 10.3 Axes
 - Level 7.1 Armour
 - Level 7.6 Dodging
 - Level 6.0 Stealth
 - Level 4.7 Shields
 + Level 4.5 Spellcasting
 + Level 0.8 Invocations
 - Level 8.0 Evocations


You had 17 spell levels left.
You knew the following spells:

 Your Spells              Type           Power      Damage    Failure   Level
a - Blink                 Tloc           N/A        N/A       99%         2

Your spell library contained the following spells:

 Spells                   Type           Power      Damage    Failure   Level
 Animate Skeleton         Necr           4%         N/A       96%         1
 Apportation              Tloc           4%         N/A       96%         1
 Corona                   Hex            2%         N/A       96%         1
 Freeze                   Ice            8%         1d3       96%         1
 Summon Small Mammal      Summ           8%         N/A       96%         1
 Frozen Ramparts          Ice            4%         1d2       100%        3
 Lesser Beckoning         Tloc           1%         N/A       100%        3
 Stone Arrow              Conj/Erth      4%         3d7       100%        3
 Hailstorm                Conj/Ice       2%         3d3       100%        4
 Summon Ice Beast         Ice/Summ       2%         N/A       100%        4
 Bolt of Magma            Conj/Fire/Erth 1%         4d4       100%        5
 Iskenderun's Battlesphe  Conj           2%         2d6       100%        5
 Manifold Assault         Tloc           2%         N/A       100%        5
 Summon Mana Viper        Hex/Summ       2%         N/A       100%        5
 Iron Shot                Conj/Erth      1%         9d1       100%        6
 Monstrous Menagerie      Summ           1%         N/A       100%        7
 Spellforged Servitor     Conj/Summ      1%         N/A       100%        7
 Shatter                  Erth           1%         3d5*      100%        9


Dungeon Overview and Level Annotations

Branches:
Dungeon (12/15)            Temple (1/1) D:5             Orc (2/2) D:11
   Lair: D:8-11         Elf: Orc:2

Altars:
Ashenzari
Cheibriados
Dithmenos
Elyvilon
Fedhas
Gozag
Hepliaklqana
Kikubaaqudgha
Makhleb
Nemelex Xobeh
Okawaru
Qazlal
Ru
Sif Muna
Trog
Uskayaw
Vehumet
Wu Jian
Xom
Yredelemnul
Zin
The Shining One
Beogh

Shops:
D:4 =   D:10 *[

Annotations:
D:5 exclusions: 2 ogres and scorpion
D:9 Erolcha
D:11 exclusion: downstairs
Orc:1 Urug


Innate Abilities, Weirdness & Mutations

You are resistant to damage.
You can heal yourself by infusing magical energy.
You passively map the area around you.
You do not regenerate.


Message History

You hit the orc warrior. You closely miss the orc priest. The troll bites you.
* * * LOW HITPOINT WARNING * * *
The troll closely misses you. The troll misses you.
The orc wizard casts a spell.
The orc wizard flickers and vanishes for a moment.
The orc hits you with a +0 club.
* * * LOW HITPOINT WARNING * * *
An orc wizard comes into view. It is wielding a +0 dagger.
The orc hits you but does no damage. The orc warrior barely misses you.
You completely miss the orc priest.
The orc priest is moderately wounded.
The orc wizard shouts!
You slash the orc wizard!
You kill the orc wizard!
Makhleb accepts your kill.
You hit the orc.
You kill the orc!
Makhleb accepts your kill.
You barely miss the orc warrior. You hit the troll but do no damage.
You closely miss the orc warrior. You hit the orc.
You kill the orc!
Makhleb accepts your kill.
You feel better. The orc warrior barely misses you.
The orange demon closely misses you. The orc priest misses you.
The troll bites you but does no damage. The troll claws you but does no damage.
The troll barely misses you.
The orc high priest calls down the wrath of Beogh upon you.
Beogh smites you!
* * * LOW HITPOINT WARNING * * *
The orc barely misses you. The ogre barely misses you.
The orc warrior closely misses you.
The orc priest begins to cast a cantrip, but forgets the words!
The orc sorcerer gestures wildly while chanting.
The ynoxinul gestures.
You hear a shout!
You feel a strong urge to attack something.
The orc high priest performs a strange gesture.
The orc warrior barely misses you.
The ogre hits you with a +0 giant spiked club!!
You die...

, ,
.......###......... ,,
*........#......... ,
* , , #.......#....o#,
. ,
,,.........$.3..##...
.........44o......# ,
, ,
.......)4ooh3o..... ,
, ...o...o.oo3.......
, , ,,
,......oToo.5.....#. ,
, #.$#....O@..5....$#
,
....#...o........#.,,
* , ,
,....##............#,*
,*
,,...................
** ** ,
.#..##...#..#...#.* *
*# ############ *


You could see an orc high priest, an orange demon (summoned), a hellwing
(summoned), an ice devil (summoned), a troll, 2 neqoxecs, a ynoxinul (summoned),
a warg, an orc sorcerer, 4 orc warriors, an ogre, 2 orc priests, 3 orc wizards,
2 orcs and 2 ufetubi.

Levels and vault maps discovered:
D:1:      evilmike_arrival_hilbert_curve, layout_basic,
          minmay_misc_feat_enclosed
D:2:      layout_loops_ring, ebering_ecumenical_altar_mist,
          palyth_stone_intersect
D:3:      layout_loops_ring, grunt_temple_overflow_open, serial_undead,
          serial_undead_d, serial_undead_c, serial_undead_c, serial_undead_f
D:4:      layout_loops_ring, nicolae_qazlal_eye_of_the_storm, serial_shops,
          nicolae_shop_behind_doors
D:5:      layout_loops_ring, minmay_temple_entry_waves
D:6:      layout_loops_corners, kennysheep_generic_room_6
D:7:      layout_rooms
D:8:      layout_basic, hellmonk_bongcloud_opening
D:9:      layout_small_grid, erik_lair_orcish_takeover, grunt_potential,
          uniq_erolcha
D:10:     layout_rooms, serial_shops, shop, nicolae_shop_gadgets
D:11:     layout_rooms, orc_0_dummy, serial_bayou, serial_bayou_lagoon_a,
          serial_bayou_shore_b, serial_bayou_pond_d, serial_bayou_lake_a,
          nzn_sisyphean_effort
D:12:     layout_loops_ring
Temple:   nicolae_temple_figure_eight
Orc:1:    layout_caves, david_defended_altar_orc, uniq_jorgrun, uniq_urug
Orc:2:    grunt_orc_gardens, layout_caves, grunt_orc_garden, grunt_orc_garden,
          grunt_orc_garden, grunt_orc_garden, uniq_maurice

Notes
Turn   | Place    | Note
-------+----------+-------------------------------------------
     0 | D:5      | ABBCCCDDDD the Deep Dwarf Delver began the quest for the
                  | Orb.
     0 | D:5      | Reached XP level 1. HP: 20/20 MP: 1/1
     6 | D:5      | Noticed a scorpion
    30 | D:6      | Noticed an iguana
   141 | D:5      | Noticed a scorpion
   210 | D:5      | Noticed an ogre
   222 | D:5      | Noticed an ogre
   303 | D:5      | Noticed a scorpion
   306 | D:5      | Noticed an orc warrior
   312 | D:5      | Noticed an orc wizard
   313 | D:5      | Killed a scorpion
   314 | D:5      | Reached skill level 3 in Axes
   314 | D:5      | Reached XP level 2. HP: 27/27 MP: 2/2
   314 | D:5      | Reached XP level 3. HP: 33/33 MP: 3/3
   315 | D:5      | Killed a scorpion
   316 | D:5      | Reached XP level 4. HP: 34/42 MP: 4/4
   317 | D:5      | Reached XP level 5. HP: 40/49 MP: 5/5
   317 | D:5      | Killed an orc warrior
   318 | D:5      | Reached skill level 5 in Evocations
   342 | D:5      | Reached XP level 6. HP: 45/58 MP: 6/6
   706 | D:3      | Reached skill level 4 in Axes
  1711 | D:2      | Found a faded altar of an unknown god.
  2439 | D:3      | Found a glowing silver altar of Zin.
  2439 | D:3      | Found a white marble altar of Elyvilon.
  2440 | D:3      | Found a radiant altar of Vehumet.
  2442 | D:3      | Found an ancient bone altar of Kikubaaqudgha.
  2442 | D:3      | Found a basalt altar of Yredelemnul.
  2444 | D:3      | Found an opulent altar of Gozag.
  2444 | D:3      | Found a hide-covered altar of Uskayaw.
  2445 | D:3      | Found a shadowy altar of Dithmenos.
  2491 | D:3      | Reached XP level 7. HP: 28/61 MP: 7/7
  2811 | D:4      | Reached skill level 5 in Fighting
  2811 | D:4      | Reached skill level 1 in Spellcasting
  3195 | D:4      | Found Mocoll's Jewellery Emporium.
  3442 | D:4      | Found a stormy altar of Qazlal.
  3482 | D:4      | Reached skill level 5 in Axes
  3910 | D:5      | Found a staircase to the Ecumenical Temple.
  3919 | Temple   | Entered the Ecumenical Temple
  4146 | Temple   | Became a worshipper of Makhleb the Destroyer
  4717 | D:6      | Reached XP level 8. HP: 40/75 MP: 9/9
  4917 | D:6      | Reached skill level 6 in Axes
  5629 | D:7      | Noticed a two-headed ogre
  5648 | D:7      | Reached skill level 7 in Axes
  5741 | D:7      | Reached * piety under Makhleb
  5754 | D:7      | You fall into a shaft and drop 3 floors!
  5754 | D:10     | Entered Level 10 of the Dungeon
  5754 | D:10     | Noticed a troll
  5757 | D:10     | Noticed a manticore
  5770 | D:9      | Noticed Erolcha
  5802 | D:9      | Reached skill level 8 in Axes
  5864 | D:9      | Learned a level 2 spell: Blink
  6026 | D:8      | Reached skill level 1 in Armour
  6038 | D:8      | Gained mutation: You passively map the area around you.
                  | [Deep Dwarf growth]
  6038 | D:8      | Reached XP level 9. HP: 26/82 MP: 9/9
  6095 | D:8      | Noticed a two-headed ogre
  6098 | D:8      | Killed a two-headed ogre
  6099 | D:8      | Reached skill level 5 in Dodging
  6420 | D:7      | Reached skill level 5 in Armour
  6654 | D:7      | Killed a two-headed ogre
  6874 | D:8      | Noticed a two-headed ogre
  7210 | D:9      | Reached ** piety under Makhleb
  7221 | D:9      | Reached XP level 10. HP: 39/91 MP: 8/8
  7656 | D:4      | Bought a ring of poison resistance for 260 gold pieces
  7656 | D:4      | Bought a ring of see invisible for 195 gold pieces
  7993 | D:11     | Noticed a tengu warrior
  7993 | D:11     | Noticed a tengu warrior
  8134 | D:10     | Found Mynguhil's Armour Emporium.
  8254 | D:9      | Identified a scroll of acquirement
  8254 | D:9      | Acquired the ring "Yrhegrod" {rElec MP+9}
  8631 | D:11     | Noticed a gargoyle
  8685 | D:12     | Noticed a two-headed ogre
  8902 | D:11     | Reached skill level 9 in Axes
  8922 | D:11     | Noticed a boulder beetle
  8953 | D:12     | Noticed an eight-headed hydra
  9073 | D:11     | Killed a tengu warrior
  9107 | D:11     | Reached skill level 1 in Shields
  9295 | D:11     | Found a staircase to the Orcish Mines.
  9713 | D:10     | Reached *** piety under Makhleb
  9714 | D:10     | Reached skill level 10 in Axes
  9765 | D:10     | Found Ynuicorro's Gadget Gallery.
  9765 | D:10     | Noticed a gargoyle
  9777 | D:10     | Killed a gargoyle
  9791 | D:10     | Identified the +1 trident of the Secret Deaths {flame, Fly
                  | rPois Str+5}
 10203 | Orc:1    | Entered Level 1 of the Orcish Mines
 10206 | Orc:2    | Entered Level 2 of the Orcish Mines
 10260 | Orc:1    | Noticed a cyclops
 10291 | Orc:1    | Killed a cyclops
 10292 | Orc:1    | Reached XP level 11. HP: 35/97 MP: 2/4
 10443 | Orc:1    | Noticed Urug
 10454 | Orc:2    | Noticed an orc high priest
 10454 | Orc:2    | Noticed an orc sorcerer
 10464 | Orc:2    | Reached **** piety under Makhleb
 10470 | Orc:2    | Mangled by an ogre

Table legend: (Time is in decaauts)
 A = Elapsed time spent in this place.
 B = Non-inter-level travel time spent in this place.
 C = Inter-level travel time spent in this place.
 D = Time resting spent in this place.
 E = Time spent auto-exploring this place.
 F = Levels seen in this place.
 G = Mean time per level.
                   A        B        C        D        E       F      G
               +--------+--------+--------+--------+--------+-----+--------+
         Total |  10511 |   9675 |    836 |    334 |   4035 |  15 |  700.7 |
       Dungeon |  10003 |   9205 |    798 |    334 |   3828 |  12 |  833.6 |
        Temple |    247 |    209 |     38 |      0 |    207 |   1 |  247.0 |
  Orcish Mines |    260 |    260 |      0 |      0 |      0 |   2 |  130.0 |
               +--------+--------+--------+--------+--------+-----+--------+

Top non-repeatable levels by time:
     D:5: 1234 daAuts
     D:6: 1182 daAuts
    D:11: 1092 daAuts
     D:8: 1016 daAuts
     D:4: 984 daAuts
     D:2: 811 daAuts
     D:3: 785 daAuts
     D:7: 767 daAuts
     D:1: 715 daAuts
     D:9: 632 daAuts
    D:10: 550 daAuts
  Temple: 247 daAuts
   Orc:1: 240 daAuts
    D:12: 229 daAuts
   Orc:2: 20 daAuts

Table legend:
 A = Kills in this place as a percentage of kills in entire the game.
 B = Kills by you in this place as a percentage of kills by you in the entire game.
 C = Kills by friends in this place as a percentage of kills by friends in the entire game.
 D = Other kills in this place as a percentage of other kills in the entire game.
 E = Experience gained in this place as a percentage of experience gained in the entire game.
 F = Experience gained in this place divided by the number of levels of this place that you have seen.
                   A       B       C       D       E      F
               +-------+-------+-------+-------+-------+----------------------
         Total | 100.0 | 100.0 |   N/A |   N/A | 100.0 | 799.9
       Dungeon |  84.5 |  84.5 |   N/A |   N/A |  84.8 | 847.6
  Orcish Mines |  15.5 |  15.5 |   N/A |   N/A |  15.2 | 914.0
               +-------+-------+-------+-------+-------+----------------------

Action                   |  1- 3 |  4- 6 |  7- 9 | 10-12 || total
-------------------------+-------+-------+-------+-------++-------
Melee: Hand axe          |       |   283 |   331 |   137 ||   751
       War axe           |       |       |       |   152 ||   152
Throw: Dart              |       |       |    15 |    15 ||    30
 Abil: Heal Wounds       |       |     2 |     9 |    20 ||    31
Evoke: Wand              |     4 |     3 |    25 |    32 ||    64
  Use: Scroll            |     1 |       |    11 |    10 ||    22
       Potion            |       |       |     2 |    11 ||    13
 Stab: Paralysed         |       |       |       |    38 ||    38
Armor: Leather armour    |       |     4 |       |       ||     4
       Chain mail        |       |   124 |   213 |       ||   337
       Plate armour      |       |       |    24 |   139 ||   163
       Ice dragon scales |       |       |       |    59 ||    59
Dodge: Dodged            |     1 |    96 |   156 |   212 ||   465
Block: Other             |       |    36 |    25 |       ||    61
       Reflection        |       |     1 |       |       ||     1

Vanquished Creatures
  2 two-headed ogres
  A tengu warrior (D:11)
  A cyclops (Orc:1)
  A gargoyle (D:10)
  An unseen horror (D:10)
  A komodo dragon (D:11)
  2 vampires
  3 yaks (D:11)
  A shadow (D:11)
  A basilisk (D:10)
  A steam dragon (D:8)
  An acid dragon (D:11)
  A sky beast (D:6)
  A black bear (D:4)
  9 orc warriors
  An ogre (D:6)
  4 centaurs
  4 kobold brigands
  2 bullfrogs
  A gnoll sergeant (Orc:1)
  5 scorpions
  A water moccasin zombie (D:6)
  2 water moccasin skeletons
  3 wights (D:7)
  5 howler monkeys
  2 electric eels (D:11)
  2 centaur zombies
  A bullfrog zombie (D:5)
  6 hounds
  7 orc priests
  2 centaur skeletons
  2 iguanas
  16 orc wizards
  2 scorpion zombies (D:3)
  A hound skeleton (D:5)
  5 gnolls (Orc:1)
  A howler monkey skeleton (D:7)
  8 adders
  A white imp (D:8)
  An ufetubus (D:7)
  2 adder zombies (D:3)
  3 worms
  A dart slug (D:4)
  33 orcs
  5 ball pythons
  5 endoplasms
  2 giant cockroaches (D:1)
  10 goblins
  5 hobgoblins
  3 jackals (D:2)
  A quokka (D:3)
  3 bats
  6 frilled lizards
  27 kobolds
  A quokka zombie (D:3)
  7 rats
226 creatures vanquished.

Vanquished Creatures (others)
  50 plants (D:11)
  A withered plant (D:3)
51 creatures vanquished.

Grand Total: 277 creatures vanquished
